 Dungeon Crawl Stone Soup version 0.21-a0-51-gea492e9 (webtiles) character file.

8876 grindst0ne the Markscentaur (level 11, -17/99 HPs)
             Began as a Centaur Hunter on June 12, 2017.
             Was an Elder of Okawaru.
             Killed from afar by Erica (25 damage)
             ... with a bolt of poison
             ... on level 9 of the Dungeon.
             The game lasted 00:31:58 (14351 turns).

grindst0ne the Markscentaur (Centaur Hunter)       Turns: 14351, Time: 00:31:59

Health: -17/99     AC:  9    Str: 16    XL:     11   Next: 15%
Magic:  15/15      EV:  7    Int: 12    God:    Okawaru [****..]
Gold:   481        SH:  0    Dex: 12    Spells: 10/10 levels left

rFire    . . .     SeeInvis .   b - +3 dire flail (drain)
rCold    + . .     Gourm    .   (shield currently unavailable)
rNeg     . . .     Faith    .   n - +0 scale mail
rPois    .         Spirit   .   (no helmet)
rElec    .         Reflect  .   u - +1 cloak {MR+}
rCorr    +         Harm     .   J - +0 pair of gloves
MR       +....                  (no barding)
Stlth    ..........             (no amulet)
Regen    0.3/turn               M - ring of protection from cold
MPRegen  0.2/turn               d - ring of resist corrosion

@: lethally poisoned (-17 -> -22), very quick
A: claws 1, hooves 3, clever 1, deformed body, speed 2, tough skin 3
a: Heroism, Renounce Religion


You were on level 9 of the Dungeon.
You worshipped Okawaru.
Okawaru was greatly pleased with you.
You were not hungry.

You visited 2 branches of the dungeon, and saw 10 of its levels.

You collected 481 gold pieces.

Inventory:

Hand Weapons
 a - a +1 shortbow
 b - a +3 dire flail of draining (weapon)
 g - a +0 short sword
 m - a +0 war axe
 r - a +1 falchion of electrocution
Missiles
 x - 7 arrows
Armour
 n - a +0 scale mail (worn)
 s - a +0 chain mail
 u - a +1 cloak of magic resistance (worn)
 J - a +0 pair of gloves (worn)
 L - a +2 pair of boots
Jewellery
 d - a ring of resist corrosion (right hand)
 K - an uncursed ring of positive energy
 M - a ring of protection from cold (left hand)
Wands
 t - a wand of digging (15/24)
 E - a wand of digging (11/24)
 G - a wand of acid (6/15)
Scrolls
 c - a scroll of fog {unknown}
 h - a scroll of immolation {unknown}
 i - a scroll of enchant weapon
 j - 3 scrolls of teleportation
 l - a scroll of enchant armour {unknown}
 v - 2 scrolls of recharging {unknown}
 y - 4 scrolls of blinking
 z - a scroll of magic mapping {unknown}
 A - 4 scrolls of amnesia
 H - 2 scrolls of identify
Potions
 e - 3 potions of flight
 p - 2 potions of magic
 q - a potion of mutation
Books
 D - a book of Flames

   Spells                             Type                      Level
   a - Flame Tongue                   Conjuration/Fire             1
   b - Throw Flame                    Conjuration/Fire             2
   c - Conjure Flame                  Conjuration/Fire             3
   d - Inner Flame                    Hexes/Fire                   3
   e - Sticky Flame                   Conjuration/Fire             4
   f - Fireball                       Conjuration/Fire             5
Comestibles
 f - 8 bread rations
 k - 2 chunks of flesh
 w - 5 meat rations
 B - 18 fruits
 F - 10 royal jellies


   Skills:
 - Level 10.1 Fighting
 + Level 2.2 Axes
 - Level 15.3 Bows
 + Level 1.9 Armour
 - Level 1.3 Dodging
 - Level 0.4 Stealth
 + Level 6.4 Evocations


You had 10 spell levels left.
You didn't know any spells.

Dungeon Overview and Level Annotations

Branches:
Dungeon (9/15)             Temple (1/1) D:7            Lair (0/6) D:8
    Orc: D:9-12

Altars:
Ashenzari
Cheibriados
Dithmenos
Elyvilon
Fedhas
Gozag
Hepliaklqana
Kikubaaqudgha
Makhleb
Okawaru
Qazlal
Ru
Sif Muna
Trog
Uskayaw
Vehumet
Xom
Yredelemnul
Zin
The Shining One

Annotations:
D:9 Erica


Innate Abilities, Weirdness & Mutations

You have hooves in place of feet.
Armour fits poorly on your strangely shaped body.
You cover ground very quickly.
You have extremely tough skin. (AC +3)
You have sharp fingernails.
Your mind is acute. (Int +2)


Message History

Erica is heavily wounded.
Erica hits you with a scimitar of flaming.
* * * LOW HITPOINT WARNING * * *
Erica burns you.
* * * LOW HITPOINT WARNING * * *
You closely miss Erica. Your kick misses Erica.
Erica is heavily wounded.
Erica hits you with a scimitar of flaming!
* * * LOW HITPOINT WARNING * * *
Erica burns you.
* * * LOW HITPOINT WARNING * * *
Erica casts a spell.
Erica flickers and vanishes!
Deactivating autopickup; reactivate with Ctrl-A.
You see here an arrow.
You hear some strange, mumbled words.
A bolt of poison appears from out of thin air!
The bolt of poison hits you!
You are poisoned.
You die...

#..#.#.#.#.#..#
#..#.#.#.#.#.##
#..#.#.#.#.#.#
#..#.#.#.#.#.#
#..#.#.#.#.#.#
#..#.#.#.#.#.#
#....#...#...#
#..#########.#
##.(....{((@.#
#######<#####
###


There were no monsters in sight!

Vanquished Creatures
  A hydra (D:9)
  2 two-headed ogres
  The ghost of Duffy the Destroyer, a novice DEFE of Vehumet (D:7)
  Pikel (D:8)
  Joseph (D:8)
  Psyche (D:8)
  A komodo dragon (D:8)
  2 dream sheep (D:9)
  Grinder (D:5)
  A hippogriff (D:7)
  2 wyverns (D:8)
  6 yaks
  A hungry ghost (D:9)
  A basilisk (D:8)
  Menkaure (D:7)
  Edmund (D:5)
  An ice beast (D:8)
  A slave (D:8)
  2 orc warriors (D:8)
  A black bear (D:8)
  A swamp drake (D:8)
  An ogre (D:8)
  A wolf (D:9)
  2 centaurs (D:6)
  A crocodile (D:8)
  4 big kobolds
  2 bullfrogs
  A wyvern skeleton (D:8)
  5 wights (D:8)
  A howler monkey (D:5)
  2 crimson imps
  2 jellies (D:6)
  Crazy Yiuf (D:6)
  2 orc priests
  7 hounds
  A bullfrog skeleton (D:8)
  5 centaur skeletons
  Terence (D:2)
  3 iguanas
  2 orc wizards
  6 worker ants
  A hound skeleton (D:8)
  A worker ant zombie (D:8)
  8 gnolls
  2 howler monkey skeletons
  6 adders
  An adder skeleton (D:6)
  2 worms
  2 dart slugs
  6 leopard geckos
  20 orcs
  4 giant cockroaches
  14 goblins
  7 hobgoblins
  5 jackals
  7 kobolds
  6 quokkas
  3 ball pythons
  5 bats
  8 frilled lizards
  3 quokka skeletons
  6 rats
197 creatures vanquished.

Vanquished Creatures (others)
  A worker ant (D:8)
  A leopard gecko (D:8)
2 creatures vanquished.

Grand Total: 199 creatures vanquished

Notes
Turn   | Place    | Note
-------+----------+-------------------------------------------
     0 | D:1      | grindst0ne the Centaur Hunter began the quest for the Orb.
     0 | D:1      | Reached XP level 1. HP: 17/17 MP: 1/1
   188 | D:1      | Reached XP level 2. HP: 16/25 MP: 2/2
  1161 | D:2      | Reached XP level 3. HP: 29/30 MP: 3/3
  1223 | D:2      | Reached skill level 6 in Bows
  1513 | D:2      | Noticed Terence
  1753 | D:2      | Reached XP level 4. HP: 23/38 MP: 4/4
  1772 | D:2      | Killed Terence
  2875 | D:3      | Reached XP level 5. HP: 46/46 MP: 5/5
  2919 | D:3      | Reached skill level 7 in Bows
  3415 | D:3      | Found a faded altar of an unknown god.
  3874 | D:4      | Noticed a two-headed ogre
  4393 | D:4      | Reached XP level 6. HP: 49/53 MP: 6/6
  4787 | D:4      | Reached skill level 8 in Bows
  5111 | D:4      | Found a glowing golden altar of the Shining One.
  5218 | D:5      | Entered Level 5 of the Dungeon
  5313 | D:5      | Reached skill level 5 in Fighting
  5404 | D:5      | Noticed Edmund
  5437 | D:5      | Gained mutation: Your mind is acute. (Int +2) [potion of mutation]
  5437 | D:5      | Gained mutation: You have sharp fingernails. [potion of mutation]
  5460 | D:5      | Killed Edmund
  6165 | D:5      | Reached XP level 7. HP: 53/61 MP: 7/7
  6514 | D:5      | Reached skill level 9 in Bows
  7111 | D:6      | Noticed Grinder
  7119 | D:6      | Paralysed by Grinder for 5 turns
  7147 | D:5      | Paralysed by Grinder for 3 turns
  7160 | D:5      | Paralysed by Grinder for 7 turns
  7190 | D:5      | Paralysed by Grinder for 7 turns
  7200 | D:5      | Killed Grinder
  7400 | D:6      | Found an ancient bone altar of Kikubaaqudgha.
  7400 | D:6      | Found a faded altar of an unknown god.
  7405 | D:6      | Found a basalt altar of Yredelemnul.
  7407 | D:6      | Found a radiant altar of Vehumet.
  7408 | D:6      | Found a blossoming altar of Fedhas.
  7471 | D:6      | Reached skill level 10 in Bows
  7508 | D:6      | Reached XP level 8. HP: 50/71 MP: 8/8
  8396 | D:6      | Found a snail-covered altar of Cheibriados.
  8434 | D:6      | Found a runed door.
  8438 | D:6      | Noticed Crazy Yiuf
  8444 | D:6      | Killed Crazy Yiuf
  8639 | D:4      | Killed a two-headed ogre
  8639 | D:4      | Reached skill level 11 in Bows
  8639 | D:4      | Reached XP level 9. HP: 82/82 MP: 9/9
  8868 | D:7      | Noticed Menkaure
  8884 | D:7      | Killed Menkaure
  9288 | D:7      | Reached skill level 12 in Bows
  9504 | D:7      | Found a hide-covered altar of Uskayaw.
  9670 | D:7      | Noticed Duffy's ghost (novice DEFE)
  9720 | D:7      | Killed Duffy's ghost
  9720 | D:7      | Reached skill level 10 in Fighting
  9720 | D:7      | Reached skill level 13 in Bows
 10143 | D:7      | Found a staircase to the Ecumenical Temple.
 10155 | Temple   | Entered the Ecumenical Temple
 10261 | Temple   | Became a worshipper of Warmaster Okawaru
 10640 | D:8      | Reached skill level 1 in Evocations
 11026 | D:8      | Noticed Psyche
 11120 | D:8      | Killed Psyche
 11120 | D:8      | Reached * piety under Okawaru
 11120 | D:8      | Reached XP level 10. HP: 46/93 MP: 11/11
 11439 | D:8      | Reached skill level 14 in Bows
 12114 | D:8      | Noticed a two-headed ogre
 12163 | D:8      | Killed a two-headed ogre
 12258 | D:8      | Noticed Pikel
 12273 | D:8      | Killed Pikel
 12273 | D:8      | Reached ** piety under Okawaru
 12513 | D:8      | Reached skill level 5 in Evocations
 12562 | D:8      | Reached skill level 15 in Bows
 12593 | D:8      | Reached *** piety under Okawaru
 12650 | D:8      | Found a staircase to the Lair.
 12656 | D:8      | Noticed Joseph
 12698 | D:8      | Killed Joseph
 13282 | D:9      | Reached skill level 1 in Axes
 13282 | D:9      | Reached XP level 11. HP: 83/99 MP: 15/15
 13331 | D:9      | Reached **** piety under Okawaru
 13331 | D:9      | Reached skill level 1 in Armour
 13406 | D:9      | Noticed a two-headed hydra
 13414 | D:9      | Killed a two-headed hydra
 13582 | D:9      | Noticed Erica
 14351 | D:9      | Killed from afar by Erica

Vault maps used:
D:1:      ncdulo_smallfort, minmay_lizard_pond
D:2:      cheibrodos_old_hovel, first_bread, uniq_terence
D:3:      chequers_ecumenical_altar_grove
D:4:      grunt_decor_mini_mirrors, tso_metal_star
D:5:      corexii_hall_statues_i, uniq_edmund
D:6:      cheibrodos_barr_body, nicolae_overflow_hidden_temple,
          chequers_temple_overflow_minitemple, lemuel_doored_altar,
          kennysheep_decorative_pillar, uniq_crazy_yiuf_cottage, uniq_grinder
D:7:      kennysheep_little_box, minmay_temple_entry_poolview, uniq_menkaure
D:8:      erik_lair_dragon, uniq_pikel, uniq_psyche, uniq_joseph
D:9:      nemelex_xobeh_ov_fountains_minmay, hangedman_ranch, minivault_27,
          uniq_erica, uniq_grum
Temple:   jpeg_temple_clearing

Skill      XL: |  1  2  3  4  5  6  7  8  9 10 11 |
---------------+----------------------------------+-----
Bows           | 6 7 8 10 11 13 15 | 15.3
Fighting       | 3 4 5 6 8 10 | 10.1
Evocations     | 2 6 |  6.4
Axes           | 1 2 |  2.2
Armour         | 1 |  1.9
Dodging        | |  1.3
Stealth        | |  0.4

Action                   |  1- 3 |  4- 6 |  7- 9 | 10-12 || total
-------------------------+-------+-------+-------+-------++-------
Melee: Short sword       |    60 |   191 |       |       ||   251
       Kick              |    11 |    57 |    34 |    24 ||   126
       War axe           |       |    54 |       |       ||    54
       Dire flail        |       |    25 |   166 |    90 ||   281
       Shortbow          |       |       |     2 |       ||     2
 Fire: Shortbow          |    67 |    43 |   188 |   190 ||   488
Throw: Throwing net      |       |     1 |       |       ||     1
  Use: Potion            |       |     7 |     2 |     4 ||    13
       Scroll            |       |       |    10 |     1 ||    11
  Eat: Chunk             |     1 |    12 |    13 |     8 ||    34
       Bread ration      |       |       |       |     1 ||     1
Armor: Leather armour    |    13 |       |       |       ||    13
       Scale mail        |    20 |   126 |    96 |    54 ||   296
       Skin              |       |    19 |       |       ||    19
Dodge: Dodged            |    33 |   104 |    88 |    39 ||   264
